 Dungeon Crawl Stone Soup version 0.30.1-11-g7821555f0a (webtiles) character file.

Game seed: 8376001496823970535

110 hikkokomori the Vexing (level 4, -1/34 HPs)
             Began as a Barachi Hexslinger on Nov 21, 2023.
             Slain by an orc priest
             ... wielding a +0 flail
              (5 damage)
             ... on level 3 of the Dungeon.
             The game lasted 00:03:53 (2268 turns).

hikkokomori the Vexing (Barachi Hexslinger)         Turns: 2268, Time: 00:03:54

Health: -1/34      AC:  4    Str: 12    XL:     4   Next: 91%
Magic:  6/7        EV: 12    Int: 13    God:
Gold:   144        SH:  0    Dex: 14    Spells: 3/7 levels left

rFire   + . .        a - +1 sling
rCold   . . .        (no shield)
rNeg    . . .        c - +0 robe
rPois   .            (no helmet)
rElec   .            (no cloak)
rCorr   .            (no gloves)
SInv    .            k - +1 pair of boots
Will    +....        (no amulet)
Stlth   ++           f - ring of willpower
HPRegen 0.25/turn    j - ring of protection from fire
MPRegen 0.10/turn

%: no passive effects
@: unable to hop, slow
A: amphibious, slowness 1, strong legs 1, +LOS
a: Hop


You were on level 3 of the Dungeon.
You visited 1 branch of the dungeon, and saw 3 of its levels.

You collected 144 gold pieces.

Inventory:

Hand Weapons
 a - a +1 sling (weapon)
Armour
 c - a +0 robe (worn)
 k - a +1 pair of boots (worn)
 m - a scarf of shadows
Jewellery
 f - a ring of willpower (left hand)
 j - a ring of protection from fire (right hand)
Scrolls
 b - a scroll of poison
 i - a scroll of teleportation
 l - 4 scrolls of immolation {unknown}
 p - a scroll of butterflies {unknown}
 q - a scroll of fear {unknown}
 r - a scroll of silence {unknown}
Potions
 d - a potion of berserk rage
 g - a potion of might
 h - a potion of curing {unknown}
 n - a potion of magic {unknown}
 o - 2 potions of attraction {unknown}


   Skills:
 + Level 2.4 Fighting
 + Level 2.8 Ranged Weapons
 - Level 2.5 Dodging
 + Level 1.1 Stealth
 + Level 2.2 Spellcasting
 + Level 3.9 Hexes


You had 3 spell levels left.
You knew the following spells:

 Your Spells              Type           Power      Damage    Failure   Level
a - Slow                  Hex            44%        N/A       4%          1
b - Portal Projectile     Hex/Tloc       12%        N/A       32%         3

Your spell library contained the following spells:

 Spells                   Type           Power      Damage    Failure   Level
 Tukima's Dance           Hex            11%        N/A       14%         3
 Summon Small Mammal      Summ           4%         N/A       26%         1
 Inner Flame              Hex/Fire       6%         N/A       32%         3
 Summon Guardian Golem    Hex/Summ       6%         N/A       32%         3
 Call Canine Familiar     Summ           1%         N/A       58%         3
 Cause Fear               Hex            5%         N/A       43%         4
 Leda's Liquefaction      Hex/Erth       3%         N/A       73%         4
 Passage of Golubria      Tloc           1%         N/A       94%         4
 Yara's Violent Unravell  Hex/Tmut       3%         3d4       97%         5


Dungeon Overview and Level Annotations

Branches:
Dungeon (3/15)

Altars:


Innate Abilities, Weirdness & Mutations

You are amphibious.
You cover ground slowly.
You can hop short distances.
You have an extended range of vision and can be seen from far away.


Message History

You shoot a sling bullet. The sling bullet hits the orc priest.
The orc priest is heavily wounded.
The orc barely misses you.
The orc priest hits you with a +0 flail.
The orc hits you with a +0 dagger.
You shoot a sling bullet.
The sling bullet barely misses the orc priest.
The orc hits you with a +0 hand axe.
* * * LOW HITPOINT WARNING * * *
The orc priest invokes the aid of Beogh against you.
You resist with some effort. The orc hits you with a +0 dagger.
* * * LOW HITPOINT WARNING * * *
The orc hits you but does no damage. The orc priest misses you.
The orc hits you with a +0 dagger.
* * * LOW HITPOINT WARNING * * *
Unknown command.
You feel much better. The orc hits you but does no damage.
The orc priest completely misses you. The orc barely misses you.
You shoot a sling bullet. The sling bullet hits the orc priest.
The orc priest is almost dead.
The orc closely misses you.
The orc priest hits you with a +0 flail.
The orc misses you.
You shoot a sling bullet.
The sling bullet closely misses the orc priest.
The orc hits you with a +0 hand axe.
The orc priest hits you with a +0 flail.
The orc hits you but does no damage.
You shoot a sling bullet. The sling bullet hits the orc priest.
The orc priest is almost dead.
The orc closely misses you.
The orc priest calls down the wrath of Beogh upon you.
Beogh smites you!
* * * LOW HITPOINT WARNING * * *
The orc misses you.
You shoot a sling bullet.
The sling bullet barely misses the orc priest.
The orc barely misses you.
The orc priest hits you with a +0 flail.
You die...

##..# ##########.##.##.#
##..#######..........##....#
..........#.........###.##.#
..........#.........# #.##.#
..........#.........# #.##.#
###########.........# #.##.#
# #<.........# #.##.# #
#.....)oo).# ####.# #
#......@...# #.# #
#......o....# #.# #
#...........# #.# ########
#...........# #.#
.......###...........#
........##.............
###########..........### #
#..........# ######
#..........#


You could see an orc priest and 2 orcs.

Vanquished Creatures
  3 gnolls (D:3)
  3 adders (D:2)
  4 dart slugs
  2 orcs (D:3)
  3 ball pythons
  4 endoplasms
  2 giant cockroaches
  6 goblins
  2 hobgoblins
  2 quokkas
  5 bats
  3 frilled lizards
  4 kobolds
  3 rats
46 creatures vanquished.

Notes
Turn   | Place    | Note
-------+----------+-------------------------------------------
     0 | D:1      | hikkokomori the Barachi Hexslinger began the quest for the
                  | Orb.
     0 | D:1      | Reached XP level 1. HP: 15/15 MP: 2/2
    51 | D:1      | Reached XP level 2. HP: 21/21 MP: 3/3
   215 | D:1      | Found a faded altar of an unknown god.
   523 | D:1      | Reached XP level 3. HP: 8/27 MP: 2/5
   693 | D:2      | Learned a level 3 spell: Portal Projectile
  1158 | D:2      | Reached XP level 4. HP: 31/33 MP: 5/7
  1703 | D:3      | Reached skill level 1 in Stealth
  2268 | D:3      | Slain by an orc priest

Illustrated notes

Levels and vault maps discovered:
D:1:      lemuel_arrival_cross, layout_basic,
          hellmonk_ecumenical_altar_crossroads, item_on_display_a
D:2:      layout_basic
D:3:      layout_basic

Skill      XL: |  1  2  3  4 |
---------------+-------------+-----
Fighting       | 2 |  2.4
Spellcasting   | 2 |  2.2
Stealth        | 1 |  1.1
Ranged Weapons | |  2.8
Dodging        | |  2.5
Hexes          | |  3.9

Action                     |  1- 3 |  4- 6 || total
---------------------------+-------+-------++-------
   Fire: Sling             |    93 |    72 ||   165
   Cast: Slow              |     3 |     3 ||     6
Ability: Hop               |     1 |     2 ||     3
    Use: Scroll            |       |     6 ||     6
         Potion            |       |     1 ||     1
 Armour: Robe              |     8 |    13 ||    21
  Dodge: Dodged            |    38 |    29 ||    67
